 Dungeon Crawl Stone Soup version 0.29.1-2-gbd0b4ee654 (webtiles) character file.

Game seed: 5437337679489438499

42 GorkyZ the Trooper (level 3, -2/23 HPs)
             Began as a Gargoyle Monk on Nov 30, 2022.
             Slain by a worm (3 damage)
             ... on level 2 of the Dungeon.
             The game lasted 00:02:31 (1628 turns).

GorkyZ the Trooper (Gargoyle Monk)                  Turns: 1628, Time: 00:02:31

Health: -2/23      AC:  8    Str: 16    XL:     3   Next: 56%
Magic:  3/3        EV: 11    Int: 10    God:
Gold:   56         SH:  0    Dex: 12    Spells: 2/2 levels left

rFire   . . .      SeeInvis .   a - +0 hand axe
rCold   . . .      Faith    .   (no shield)
rNeg    + . .      Spirit   .   g - +0 ring mail
rPois   ∞          Reflect  .   (no helmet)
rElec   +          Harm     .   (no cloak)
rCorr   .          Rampage  .   (no gloves)
Will    .....                   (no boots)
Stlth   +.........              (no amulet)
HPRegen 0.07/turn               (no ring)
MPRegen 0.08/turn               (no ring)

@: no status effects
A: sickness immunity, AC +3, negative energy resistance 1, electricity
resistance, torment resistance 1, petrification resistance
a: no special abilities


You were on level 2 of the Dungeon.
You visited 1 branch of the dungeon, and saw 2 of its levels.

You collected 56 gold pieces.

Inventory:

Hand Weapons
 a - a +0 hand axe (weapon)
Armour
 b - a +0 robe
 g - a +0 ring mail (worn)
Scrolls
 e - a scroll of identify {unknown}
 f - 4 scrolls of enchant armour {unknown}
 i - a scroll of noise {unknown}
Potions
 c - a potion of ambrosia
 d - a potion of might {unknown}
 h - a potion of brilliance {unknown}
 j - 2 potions of heal wounds {unknown}


   Skills:
 + Level 3.5 Fighting
 + Level 2.9 Axes
 + Level 0.8 Throwing
 + Level 1.0 Armour
 + Level 2.6 Dodging
 - Level 2.1 Stealth
 + Level 1.1 Shields
 + Level 0.7 Evocations


You had 2 spell levels left.
You didn't know any spells.
Your spell library was empty.

Dungeon Overview and Level Annotations

Branches:
Dungeon (2/15)

Altars:

Shops:
D:1 !


Innate Abilities, Weirdness & Mutations

You are immune to sickness and miasma.
Your stone body is resilient. (AC +3)
You are immune to poison.
You resist negative energy. (rN+)
You are resistant to electric shocks. (rElec)
You are resistant to unholy torment.
You are immune to petrification.


Message History

Your Armour skill increases to level 1!
The worm barely misses you.
You hit the worm.
The worm is moderately wounded.
You barely miss the worm.
The worm is moderately wounded.
The worm bites you!
You hit the worm but do no damage.
The worm is moderately wounded.
The worm closely misses you.
You hit the worm.
The worm is moderately wounded.
You hit the worm.
The worm is severely wounded.
The worm bites you.
You hit the worm.
The worm is severely wounded.
The worm bites you.
You are too injured to fight recklessly!
You are too injured to fight recklessly!
You are too injured to fight recklessly!
You are too injured to fight recklessly!
You are too injured to fight recklessly!
You are too injured to fight recklessly!
You are too injured to fight recklessly!
You are too injured to fight recklessly!
You are too injured to fight recklessly!
You hit the worm.
The worm is severely wounded.
You hit the worm.
The worm is almost dead.
The worm bites you!
* * * LOW HITPOINT WARNING * * *
You barely miss the worm.
The worm is severely wounded.
The worm barely misses you.
You hit the worm but do no damage.
The worm is severely wounded.
The worm bites you.
You die...

........ #......
........ #.....#
#....... #.....#####
#....... #####..........
#.......
...............##.......
.?........... ..........
.......w..# #.........
.......@..# #.........
..........# #.........
.........## ###......#
.........# #######.
.........# #......
........## ##..###.
...#####.# #.....#.
.........##.# #....##.
##.......##.# #.#.......


You could see a worm.

Vanquished Creatures
  An adder (D:2)
  2 dart slugs
  A ball python (D:2)
  5 bats
  An endoplasm (D:2)
  A giant cockroach (D:2)
  A goblin (D:2)
  3 hobgoblins (D:2)
  4 jackals (D:1)
  A frilled lizard (D:1)
  4 kobolds (D:1)
  A rat (D:2)
25 creatures vanquished.

Notes
Turn   | Place    | Note
-------+----------+-------------------------------------------
     0 | D:1      | GorkyZ the Gargoyle Monk began the quest for the Orb.
     0 | D:1      | Reached XP level 1. HP: 14/14 MP: 1/1
   189 | D:1      | Found Dofyic's Distillery.
   456 | D:1      | Reached XP level 2. HP: 19/19 MP: 2/2
  1279 | D:2      | Reached XP level 3. HP: 19/23 MP: 3/3
  1391 | D:2      | Reached skill level 1 in Shields
  1617 | D:2      | Reached skill level 1 in Armour
  1626 | D:2      | HP: 1/23 [worm (9)]
  1628 | D:2      | Slain by a worm

Illustrated notes

Levels and vault maps discovered:
D:1:      minmay_arrival_stone_box, layout_loops_corners, serial_shops,
          nicolae_shop_hallway_stairs
D:2:      layout_basic, chequers_ecumenical_altar_grove, grunt_decor_fettered,
          minmay_box_of_dots, uniq_robin

Skill      XL: |  1  2  3 |
---------------+----------+-----
Shields        | 1 |  1.1
Armour         | 1 |  1.0
Fighting       | |  3.5
Axes           | |  2.9
Throwing       | |  0.8
Dodging        | |  2.6
Stealth        | |  2.1
Evocations     | |  0.7

Action                   || total
-------------------------++-------
Melee: Hand axe          ||   118
 Stab: Sleeping          ||     3
Armor: Robe              ||    26
       Ring mail         ||    24
Dodge: Dodged            ||    79
